 Dungeon Crawl Stone Soup version 0.28-a0-1184-g53156a8862 (webtiles) character file.

Game seed: 4854149603314673695

41 frimble the Slasher (level 3, -2/27 HPs)
             Began as a Demonspawn Warper on Dec 18, 2021.
             Slain by a gnoll (11 damage)
             ... on level 2 of the Dungeon.
             The game lasted 00:01:02 (1006 turns).

frimble the Slasher (Demonspawn Warper)             Turns: 1006, Time: 00:01:02

Health: -2/27      AC:  4    Str: 11    XL:     3   Next: 32%
Magic:  6/6        EV: 11    Int: 16    God:
Gold:   47         SH:  0    Dex: 12    Spells: 6/6 levels left

rFire   . . .      SeeInvis .   a - +0 falchion
rCold   . . .      Faith    .   (no shield)
rNeg    . . .      Spirit   .   b - +0 leather armour
rPois   .          Reflect  .   (no helmet)
rElec   .          Harm     .   (no cloak)
rCorr   .          Rampage  .   (no gloves)
Will    .....                   (no boots)
Stlth   +.........              (no amulet)
HPRegen 0.09/turn               (no ring)
MPRegen 0.10/turn               (no ring)

@: no status effects
A: rugged brown scales 1, demonic guardian 1
a: no special abilities


You were on level 2 of the Dungeon.
You visited 1 branch of the dungeon, and saw 2 of its levels.

You collected 47 gold pieces.

Inventory:

Hand Weapons
 a - a +0 falchion (weapon)
Missiles
 d - 5 boomerangs of dispersal (quivered)
Armour
 b - a +0 leather armour (worn)
Jewellery
 h - an amulet of guardian spirit
Scrolls
 c - 2 scrolls of blinking
 e - a scroll of enchant armour {unknown}
 f - 3 scrolls of magic mapping {unknown}
Potions
 g - a potion of heal wounds {unknown}


   Skills:
 - Level 2.0 Fighting
 + Level 3.3 Long Blades
 - Level 0.9 Throwing
 - Level 0.9 Armour
 - Level 1.8 Dodging
 - Level 2.0 Spellcasting
 - Level 2.7 Translocations


You had 6 spell levels left.
You didn't know any spells.
Your spell library contained the following spells:

 Spells                   Type           Power      Damage    Failure   Level
 Blink                    Tloc           20%        N/A       14%         2
 Gell's Gravitas          Tloc           10%        N/A       26%         3
 Lesser Beckoning         Tloc           10%        N/A       26%         3
 Teleport Other           Tloc           10%        N/A       26%         3
 Manifold Assault         Tloc           10%        N/A       94%         5


Dungeon Overview and Level Annotations

Branches:
Dungeon (2/15)

Altars:


Innate Abilities, Weirdness & Mutations

You are partially covered in rugged brown scales. (AC +1, +3% HP)
A weak demonic guardian rushes to your aid.


Message History

The adder bites you but does no damage.
You hit the adder.
You kill the adder!
The kobold throws a stone.
The stone barely misses you.
You see here an adder corpse.
You hit the kobold.
You kill the kobold!
Things that are here:
a +0 short sword; 2 stones; a kobold corpse Your iron imp disappears in a puff of smoke!
A gnoll comes into view. It is wielding a +0 halberd.
A gnoll is nearby!
A gnoll is nearby!
A gnoll is nearby!
You are too injured to fight recklessly!
You are too injured to fight recklessly!
You are too injured to fight recklessly!
You are too injured to fight recklessly!
You are too injured to fight recklessly!
You are too injured to fight recklessly!
Things that are here:
a +0 short sword; 2 stones; a kobold corpse You see here an adder corpse.
c - 2 scrolls of blinking (gained 1)
There are no items here.
Found a sapphire potion.
You see here an amulet of guardian spirit.
h - an amulet of guardian spirit The gnoll shouts!
A gnoll comes into view. It is wielding a +0 spear.
A gnoll comes into view. It is wielding a +0 flail.
The gnoll shouts!
The gnoll hits you from afar with a +0 halberd.
The gnoll hits you from afar with a +0 halberd.
* * * LOW HITPOINT WARNING * * *
You see here a sapphire potion.
You see here a +0 ring mail.
There is a stone staircase leading up here.
The gnoll hits you from afar with a +0 halberd!
You die...

#.########## #.#
## #.# ###g
#.#######...
##.#...#..g..
######....#..g##..
#.....g.########..
#...g##.# #..
#@.g.##.# #..
#....+..# #..
#....#### ###
#....# # #....# #
#....# # #....+ #
#....# # #....# #


You could see 3 gnolls.

Vanquished Creatures
  An adder (D:2)
  2 dart slugs
  A bat (D:1)
  2 endoplasms (D:2)
  A giant cockroach (D:2)
  3 goblins (D:1)
  2 hobgoblins (D:1)
  2 kobolds
  A quokka (D:1)
  2 ball pythons
  2 frilled lizards
  4 rats (D:1)
23 creatures vanquished.

Vanquished Creatures (collateral kills)
  A bat (D:1)
  An endoplasm (D:2)
  A quokka (D:1)
3 creatures vanquished.

Grand Total: 26 creatures vanquished

Notes
Turn   | Place    | Note
-------+----------+-------------------------------------------
     0 | D:1      | frimble the Demonspawn Warper began the quest for the Orb.
     0 | D:1      | Reached XP level 1. HP: 16/16 MP: 3/3
    79 | D:1      | Reached skill level 2 in Long Blades
   269 | D:1      | Gained mutation: A weak demonic guardian rushes to your
                  | aid. [demonic ancestry]
   269 | D:1      | Reached XP level 2. HP: 22/22 MP: 5/5
   779 | D:2      | Reached skill level 3 in Long Blades
   830 | D:2      | Gained mutation: You are partially covered in rugged brown
                  | scales. (AC +1, +3% HP) [demonic ancestry]
   830 | D:2      | Reached XP level 3. HP: 22/27 MP: 6/6
  1006 | D:2      | Slain by a gnoll

Illustrated notes

Levels and vault maps discovered:
D:1:      dpeg_arrival_three_same_balls, layout_basic, minmay_pentomino_r2
D:2:      layout_basic, chequers_ecumenical_altar_twisty, kennysheep_doodads

Skill      XL: |  1  2 |
---------------+-------+-----
Long Blades    | 2 3 |  3.3
Fighting       | |  2.0
Throwing       | |  0.9
Armour         | |  0.9
Dodging        | |  1.8
Spellcasting   | |  2.0
Translocations | |  2.7

Action                   || total
-------------------------++-------
Melee: Falchion          ||    66
Armor: Leather armour    ||    24
Dodge: Dodged            ||    47

Table legend: (Time is in decaauts)
 A = Elapsed time spent in this place.
 B = Non-inter-level travel time spent in this place.
 C = Inter-level travel time spent in this place.
 D = Time resting spent in this place.
 E = Time spent auto-exploring this place.
 F = Levels seen in this place.
 G = Mean time per level.
                   A        B        C        D        E       F      G
               +--------+--------+--------+--------+--------+-----+--------+
         Total |   1017 |    997 |     20 |      0 |    790 |   2 |  508.5 |
       Dungeon |   1017 |    997 |     20 |      0 |    790 |   2 |  508.5 |
               +--------+--------+--------+--------+--------+-----+--------+

Top non-repeatable levels by time:
     D:1: 709 daAuts
     D:2: 307 daAuts
